 Dungeon Crawl Stone Soup version 0.19.0-1-g5985abe (webtiles) character file.

4069 tyranidshit the Fighter (level 10, -1/85 HPs)
             Began as a Demonspawn Abyssal Knight on Nov 2, 2016.
             Was an Elder of Lugonu.
             Slain by an orc warrior
             ... wielding a +0 dire flail
              (21 damage)
             ... on level 8 of the Dungeon.
             The game lasted 00:22:45 (6735 turns).

tyranidshit the Fighter (Demonspawn Abyssal Knight) Turns: 6735, Time: 00:22:46

Health: -1/85      AC: 19    Str: 16    XL:     10   Next: 5%
Magic:  15/15      EV:  5    Int: 22    God:    Lugonu [****..]
Gold:   541        SH:  6    Dex: 12    Spells: 0 memorised, 9 levels left

rFire  . . .     SeeInvis .     a - +2 hand axe
rCold  . . .     Gourm    .     o - +0 plate armour
rNeg   . . .     Faith    .     (no shield)
rPois  .         Spirit   .     (helmet unavailable)
rElec  .         Reflect  +     v - +2 cloak
rCorr  .         Harm     .     (no gloves)
MR     .....                    (no boots)
Stlth  ..........               e - +6 amulet of reflection
                                (no ring)
                                g - +6 ring of intelligence

@: no status effects
A: horns 3, talons 1, icy blue scales 2, clever 1, foul stench 2, rot immunity
a: Depart the Abyss, Bend Space, Banish, Corrupt, Renounce Religion


You were on level 8 of the Dungeon.
You worshipped Lugonu.
Lugonu was greatly pleased with you.
You were not hungry.

You visited 1 branch of the dungeon, and saw 9 of its levels.
You visited the Abyss 1 time.

You collected 541 gold pieces.

Inventory:

Hand Weapons
 a - a +2 hand axe (weapon)
Armour
 o - a +0 plate armour (worn)
 v - a +2 cloak (worn)
Jewellery
 e - a +6 amulet of reflection (around neck)
 f - an uncursed ring of stealth
 g - a +6 ring of intelligence (left hand)
Wands
 l - a wand of disintegration (0/24)
 A - a wand of acid (0/15)
Scrolls
 c - a scroll of teleportation
 d - 2 scrolls of remove curse
 h - 2 scrolls of blinking
 j - 4 scrolls of identify
 n - 2 scrolls of fear
 s - 2 scrolls of enchant weapon
Potions
 k - 3 potions of flight
 p - a potion of brilliance
 q - a potion of curing
Books
 b - a book of Misfortune

   Spells                             Type                      Level
   a - Confusing Touch                Hexes                        1
   b - Confuse                        Hexes                        3
   c - Gell's Gravitas                Hexes/Translocation          3
   d - Petrify                        Transmutation/Earth          4
   e - Metabolic Englaciation         Hexes/Ice                    5
   f - Yara's Violent Unravelling     Hexes/Transmutation          5
 y - a book of Air

   Spells                             Type                      Level
   a - Shock                          Conjuration/Air              1
   b - Swiftness                      Charms/Air                   2
   c - Repel Missiles                 Charms/Air                   2
   d - Static Discharge               Conjuration/Air              3
   e - Lightning Bolt                 Conjuration/Air              5
Comestibles
 i - 3 fruits
 m - 2 royal jellies
 t - 9 bread rations
 z - 8 beef jerkies


   Skills:
 + Level 10.2 Fighting
 + Level 2.4 Axes
 - Level 7.1 Armour
 - Level 0.8 Dodging
 - Level 7.1 Invocations
 - Level 5.2 Evocations


You had 9 spell levels left.
You didn't know any spells.

Dungeon Overview and Level Annotations

Branches:
Dungeon (9/15)             Temple (0/1) D:4
   Lair: D:8-11         Orc: D:9-12

Altars:
Hepliaklqana
Ru
Trog
Vehumet


Innate Abilities, Weirdness & Mutations

You have a pair of large horns on your head.
You are mostly covered in icy blue scales. (AC +3)
You frequently emit foul miasma when damaged in melee.
You are immune to rotting.
You have sharp toenails.
Your mind is acute. (Int +2)


Message History

The orc warrior is moderately wounded.
You block the orc warrior's attack.
Your plate armour prevents you from hitting the orc warrior.
You headbutt the orc warrior.
The orc warrior is moderately wounded.
The orc warrior hits you with a dire flail.
* * * LOW HITPOINT WARNING * * *
Unknown command.
You hit the orc warrior. You headbutt the orc warrior!
The orc warrior is almost dead.
The orc warrior completely misses you.
You hit the orc warrior but do no damage.
The orc warrior is almost dead.
You block the orc warrior's attack.
Unknown command.
You closely miss the orc warrior.
You headbutt the orc warrior, but do no damage.
The orc warrior is almost dead.
The orc warrior hits you with a dire flail!!
You die...

.# #.#.#.# #.# ### #
#########.#.#.# #.# ##### ##
#...........#####.# #...###.
#.......#.........######.§)#..#
#.......##..)#.##.#..?##÷÷..###
#.......##...#........#########
###.......##.>.####.#....#######.
..#............####.#####.......(
..#.......###.oo@...# #.....<..
..######### ##.###### #....####
.## #.# #....#### .#### #.#
##.....## ....##########.#
###.#.## .##............# #.#.##
.##.############ ######.....
....# ########.......... ###.#
#........######.#.


You could see an orc warrior and an orc.

Vanquished Creatures
  An unseen horror (D:9)
  Prince Ribbit (D:8)
  2 hippogriffs
  3 yaks (D:7)
  2 hungry ghosts
  An ice beast (D:6)
  A sky beast (D:7)
  3 ogres
  A phantom (D:4)
  The ghost of Dustman the Poker, an amateur HuGl (D:4)
  A centaur (D:8)
  2 bullfrogs (D:7)
  A wyvern zombie (D:6)
  4 scorpions
  A wyvern skeleton (D:7)
  3 killer bees (D:9)
  2 howler monkeys
  3 spriggan skeletons (D:9)
  4 crimson imps
  A hound (D:8)
  5 orc priests
  2 centaur skeletons (D:9)
  Crazy Yiuf (D:4)
  2 orc wizards
  3 iguanas
  4 worker ants
  A hound zombie (D:8)
  A hound skeleton (D:6)
  3 gnolls (D:5)
  9 adders
  2 shadow imps
  2 oozes
  2 adder skeletons
  4 worms
  3 dart slugs
  4 leopard geckos
  17 orcs
  9 bats
  8 giant cockroaches
  9 goblins
  10 hobgoblins
  2 jackals (D:7)
  4 kobolds
  5 quokkas
  A ball python (D:3)
  3 frilled lizards
  A leopard gecko skeleton (D:6)
  A leopard gecko zombie (D:8)
  8 rats
164 creatures vanquished.

Vanquished Creatures (others)
  A goblin (D:3)
1 creature vanquished.

Grand Total: 165 creatures vanquished

Notes
Turn   | Place    | Note
-------+----------+-------------------------------------------
     0 | Abyss:1  | tyranidshit the Demonspawn Abyssal Knight began the quest for the Orb.
     0 | Abyss:1  | Reached XP level 1. HP: 18/18 MP: 2/2
    51 | Abyss:1  | Noticed a tentacled starspawn
    61 | Abyss:1  | Noticed an ancient zyme
    65 | D:1      | Escaped the Abyss
   247 | D:1      | Gained mutation: You are partially covered in icy blue scales. (AC +2) [demonic ancestry]
   247 | D:1      | Reached XP level 2. HP: 22/24 MP: 3/3
   376 | D:1      | Reached * piety under Lugonu
   828 | D:2      | Reached skill level 4 in Fighting
   874 | D:2      | Reached XP level 3. HP: 26/30 MP: 4/4
  1400 | D:3      | Reached skill level 5 in Fighting
  1400 | D:3      | Gained mutation: You have a pair of small horns on your head. [demonic ancestry]
  1400 | D:3      | Reached XP level 4. HP: 33/39 MP: 5/5
  1661 | D:3      | Gained mutation: You are immune to rotting. [demonic ancestry]
  1661 | D:3      | Reached XP level 5. HP: 38/46 MP: 6/6
  1666 | D:3      | Reached ** piety under Lugonu
  1919 | D:3      | Reached skill level 6 in Fighting
  2050 | D:4      | Gained mutation: You may emit foul miasma when damaged in melee. [demonic ancestry]
  2050 | D:4      | Reached XP level 6. HP: 53/53 MP: 7/7
  2064 | D:4      | Reached skill level 7 in Fighting
  2084 | D:4      | Found a hazy altar of Hepliaklqana.
  2106 | D:4      | Noticed Dustman's ghost (amateur HuGl)
  2394 | D:4      | Killed Dustman's ghost
  2394 | D:4      | Reached skill level 8 in Fighting
  2394 | D:4      | Gained mutation: You have a pair of horns on your head. [demonic ancestry]
  2394 | D:4      | Reached XP level 7. HP: 43/62 MP: 8/8
  2434 | D:4      | Found a radiant altar of Vehumet.
  2531 | D:4      | Found a staircase to the Ecumenical Temple.
  2558 | D:4      | Found a runed door.
  2784 | D:4      | Noticed Crazy Yiuf
  2789 | D:4      | Killed Crazy Yiuf
  2840 | D:5      | Entered Level 5 of the Dungeon
  2997 | D:5      | Reached skill level 9 in Fighting
  3076 | D:5      | Reached *** piety under Lugonu
  3612 | D:6      | HP: 1/64 [wyvern zombie (9)]
  3643 | D:6      | Gained mutation: You have a pair of large horns on your head. [potion of mutation]
  3643 | D:6      | Gained mutation: You have sharp toenails. [potion of mutation]
  3643 | D:6      | Gained mutation: Your mind is acute. (Int +2) [potion of mutation]
  3746 | D:6      | Gained mutation: You frequently emit foul miasma when damaged in melee. [demonic ancestry]
  3746 | D:6      | Reached XP level 8. HP: 38/72 MP: 9/9
  4372 | D:6      | Reached skill level 10 in Fighting
  4498 | D:6      | Found a bloodstained altar of Trog.
  5103 | D:7      | Reached skill level 5 in Invocations
  5213 | D:7      | Reached XP level 9. HP: 29/78 MP: 11/14
  5568 | D:7      | Reached skill level 5 in Armour
  5784 | D:8      | Noticed Prince Ribbit
  5789 | D:8      | Killed Prince Ribbit
  5789 | D:8      | Reached skill level 1 in Evocations
  6021 | D:8      | Found a sacrificial altar of Ru.
  6246 | D:9      | Reached **** piety under Lugonu
  6325 | D:9      | Killed an unseen horror
  6325 | D:9      | Reached skill level 5 in Evocations
  6478 | D:8      | Gained mutation: You are mostly covered in icy blue scales. (AC +3) [demonic ancestry]
  6478 | D:8      | Reached XP level 10. HP: 22/85 MP: 15/15
  6735 | D:8      | Slain by an orc warrior

Skill      XL: |  1  2  3  4  5  6  7  8  9 |
---------------+----------------------------+-----
Fighting       | 4 5 6 8 9 10 | 10.2
Armour         | 4 7 |  7.1
Invocations    | 6 7 |  7.1
Evocations     | 5 |  5.2
Axes           | 2 |  2.4
Dodging        | |  0.8

Action                   |  1- 3 |  4- 6 |  7- 9 | 10-12 || total
-------------------------+-------+-------+-------+-------++-------
Melee: Hand axe          |   113 |   140 |   338 |    34 ||   625
       Headbutt          |       |    22 |    72 |     8 ||   102
       Quarterstaff      |       |       |    26 |       ||    26
       Kick              |       |       |    58 |     4 ||    62
Invok: Depart the Abyss  |     1 |       |       |       ||     1
Evoke: Wand              |       |       |    17 |       ||    17
  Use: Scroll            |     5 |     4 |     6 |       ||    15
       Potion            |     3 |     2 |     6 |     1 ||    12
 Stab: Sleeping          |     4 |     3 |       |       ||     7
  Eat: Bread ration      |     1 |       |     2 |       ||     3
       Beef jerky        |       |       |     2 |       ||     2
       Meat ration       |       |       |     3 |       ||     3
       Royal jelly       |       |       |     1 |       ||     1
Armor: Leather armour    |    23 |       |       |       ||    23
       Ring mail         |    13 |    46 |     7 |       ||    66
       Plate armour      |       |       |   290 |    23 ||   313
Dodge: Dodged            |    65 |    66 |    81 |    14 ||   226
Block: Other             |    41 |    44 |   130 |    10 ||   225
       Reflection        |     1 |     3 |     5 |     2 ||    11
